 Dungeon Sprint DCSS version 0.24.1-5-g77f818bfca (webtiles) character file.

Game seed: 15478385338398247511, levelgen mode: deterministic

22171 nicanaca0 the Bludgeoner (level 12, -32/133 HPs)
             Began as a Minotaur Berserker on Apr 23, 2020.
             Was the Champion of Trog.
             Killed from afar by Aizul (37 damage)
             ... with a poison arrow
             ... in the Dungeon (Sprint IX: "|||||||||||||||||||||||||||||").
             The game lasted 00:19:36 (3112 turns).

nicanaca0 the Bludgeoner (Minotaur Berserker)       Turns: 3112, Time: 00:19:36

Health: -32/133    AC: 25    Str: 22    XL:     12   Next: 60%
Magic:  15/15      EV: 10    Int:  7    God:    Trog [******]
Gold:   1850       SH:  0    Dex: 12    Spells: 11/11 levels left

rFire    . . .     SeeInvis +   a - +3 great mace "Feadycot" {crush, SInv}
rCold    . . .     Gourm    .   (shield currently unavailable)
rNeg     . . .     Faith    .   A - +0 plate armour
rPois    .         Spirit   .   (helmet restricted)
rElec    .         Reflect  .   S - +1 cloak
rCorr    .         Harm     .   B - +1 pair of gloves
MR       +....     NoTele   +   Q - +0 pair of boots
Stlth    ..........             (no amulet)
HPRegen  0.32/turn              U - ring of protection from magic {MR+, !d}
MPRegen  0.14/turn              L - ring of see invisible {sInv, !d}

@: lethally poisoned (-32 -> -105)
A: retaliatory headbutt, horns 2
a: Berserk, Trog's Hand, Brothers in Arms, Renounce Religion


You were in the Dungeon.
You worshipped Trog.
Trog was exalted by your worship.
You were hungry.

You visited 1 branch You collected 1941 gold pieces.
You spent 91 gold pieces at shops.

Inventory:

Hand Weapons
 a - the +3 great mace "Feadycot" (weapon) {crush, SInv}
   (Trog gifted it to you in the Dungeon)

   It inflicts extra damage upon your enemies.
   It lets you see invisible.
 b - a +5 arbalest of freezing
   (Trog gifted it to you in the Dungeon)
 c - a +4 antimagic dire flail
   (Trog gifted it to you in the Dungeon)
 e - a +0 triple crossbow
   (You found it in the Dungeon)
 s - a +3 great mace of protection
   (Trog gifted it to you in the Dungeon)
 u - a +3 antimagic great mace
   (Trog gifted it to you in the Dungeon)
 M - a +3 longbow of flaming
   (Trog gifted it to you in the Dungeon)
 N - a +1 arbalest of velocity
   (Trog gifted it to you in the Dungeon)
Missiles
 p - a throwing net {=f, !d}
 q - 2 javelins
 r - 5 silver javelins (quivered)
 t - 118 bolts
Armour
 x - a +3 chain mail
   (You found it in the Dungeon)
 y - a +7 plate armour of ponderousness
   (You found it in the Dungeon)
 z - +0 swamp dragon scales
   (You found it in the Dungeon)
 A - a +0 plate armour (worn)
   (You found it in the Dungeon)
 B - a +1 pair of gloves (worn)
   (You found it in the Dungeon)
 D - a +1 pair of gloves
   (You found it in the Dungeon)
 E - a +0 pair of gloves
   (You found it in the Dungeon)
 F - a +3 chain mail
   (You found it in the Dungeon)
 G - +1 ice dragon scales
   (You found it in the Dungeon)
 Q - a +0 pair of boots (worn)
   (You found it in the Dungeon)
 S - a +1 cloak (worn)
   (You found it in the Dungeon)
 W - a +0 cloak
   (You found it in the Dungeon)
Jewellery
 I - a +2 ring of evasion
   (You found it in the Dungeon)
 K - an uncursed ring of protection from cold {rC+, !d}
   (You found it in the Dungeon)
 L - a ring of see invisible (right hand) {sInv, !d}
   (You found it in the Dungeon)
 O - a +3 ring of dexterity
   (You found it in the Dungeon)
 U - a ring of protection from magic (left hand) {MR+, !d}
   (You found it in the Dungeon)
Wands
 C - a wand of iceblast (4)
   (You found it in the Dungeon)
Scrolls
 d - 2 scrolls of enchant weapon
 i - 2 scrolls of blinking {@r3!r}
 j - 4 scrolls of remove curse {@r2}
 k - 4 scrolls of fog
 H - 2 scrolls of identify {@r1}
 J - a scroll of fear
Potions
 f - 2 potions of haste {@q3}
 g - 4 potions of magic
 h - a potion of berserk rage {!q}
 l - a potion of invisibility {@q5}
 m - 3 potions of mutation {!q}
 n - a potion of might {@q4}
 o - 9 potions of heal wounds
 v - a potion of agility
 P - 9 potions of curing {@q1}
Comestibles
 w - 10 rations


   Skills:
 + Level 20.1 Fighting
 - Level 20.3 Maces & Flails
 * Level 13.0 Crossbows
 + Level 17.4 Armour
 - Level 6.2 Dodging
 - Level 6.2 Evocations


You had 11 spell levels left.
You didn't know any spells.
Your spell library was empty.

Dungeon Overview and Level Annotations

Branches:
Dungeon (1/1)

Altars:
Cheibriados
Dithmenos
Elyvilon
Fedhas
Gozag
Hepliaklqana
Kikubaaqudgha
Makhleb
Nemelex Xobeh
Okawaru
Qazlal
Ru
Sif Muna
Trog
Uskayaw
Vehumet
Wu Jian
Xom
Yredelemnul
Zin
The Shining One
Beogh
Jiyva
Lugonu

Shops:
D ([(!

Annotations:
D Aizul


Innate Abilities, Weirdness & Mutations

You reflexively headbutt those who attack you in melee.
You have a pair of horns on your head.


Message History

You shoot a bolt. The bolt hits the stone giant.
The bolt freezes the stone giant.
Firing (i - inventory. (/) - cycle)
t - 113 bolts (quivered)
Aim: a stone giant (almost dead)
You shoot a bolt. The bolt hits the stone giant.
The bolt freezes the stone giant.
Firing (i - inventory. (/) - cycle)
t - 112 bolts (quivered)
Aim: a stone giant (almost dead)
You shoot a bolt. The bolt hits the stone giant!!
The bolt freezes the stone giant.
You kill the stone giant!
Trog accepts your kill.
Your Fighting skill increases to level 20!
Your Crossbows skill increases to level 12!
The centaur warrior shoots an arrow.
The arrow hits you.
Firing (i - inventory. (/) - cycle)
t - 111 bolts (quivered)
Aim: a centaur warrior, wielding a +0 shortbow You shoot a bolt.
The bolt hits the centaur warrior!!!
The bolt freezes the centaur warrior!
You kill the centaur warrior!
Trog accepts your kill.
A great orb of eyes comes into view.
Firing (i - inventory. (/) - cycle)
t - 110 bolts (quivered)
Aim: a great orb of eyes (hasn't noticed you)
You shoot a bolt.
The great orb of eyes turns its gaze towards you.
The bolt hits the great orb of eyes!!
The bolt freezes the great orb of eyes!
Firing (i - inventory. (/) - cycle)
t - 109 bolts (quivered)
Aim: a great orb of eyes (severely wounded)
You shoot a bolt. The bolt hits the great orb of eyes!!
The bolt freezes the great orb of eyes.
You kill the great orb of eyes!
Trog accepts your kill.
Your Crossbows skill increases to level 13!
No target in view!
You are feeling hungry.
Unknown command.
t - 109 bolts (gained 1)
t - 112 bolts (gained 3)
Things that are here:
a +0 shortbow; 11 arrows
t - 113 bolts (gained 1)
t - 114 bolts (gained 1)
There isn't anything here!
There isn't anything here!
There isn't anything here!
t - 117 bolts (gained 3)
Things that are here:
a +0 shortbow; 11 arrows There isn't anything to butcher here.
There isn't anything to butcher here.
t - 120 bolts (gained 3)
You open the door.
There is an open door here.
Aizul the Neglectful Guardian comes into view.
Firing (i - inventory. (/) - cycle)
t - 120 bolts (quivered)
Aim: Aizul You shoot a bolt.
The bolt hits Aizul.
The bolt freezes Aizul.
Aizul coils herself and waves her upper body at you.
The poison arrow hits you!!
You are poisoned.
Aizul casts a spell at you.
You fall asleep.
You feel sick. x2
Aizul casts a spell at you. The bolt of poison hits you!
You are more poisoned.
You wake up.
Firing (i - inventory. (/) - cycle)
t - 119 bolts (quivered)
Aim: Aizul (lightly wounded)
You shoot a bolt. The bolt misses Aizul.
You feel very sick.
Aizul coils herself and waves her upper body at you.
The bolt of poison hits you!!!
You are more poisoned.
* * * LOW HITPOINT WARNING * * *
Your +5 arbalest of freezing stops glowing.
a - the +3 great mace "Feadycot" (weapon)
{crush, SInv} You feel very sick.
You feel very sick. Aizul casts a spell at you. The bolt of poison hits you!!
You are lethally poisoned!
* * * LOW HITPOINT WARNING * * *
You bludgeon Aizul!!
* * * LOW HITPOINT WARNING * * *
You feel very sick. Aizul barely misses you.
You bludgeon Aizul!! Your headbutt misses Aizul.
* * * LOW HITPOINT WARNING * * *
You feel very sick. Aizul hits you!
* * * LOW HITPOINT WARNING * * *
You miss Aizul.
* * * LOW HITPOINT WARNING * * *
You feel very sick. Aizul casts a spell at you. The poison arrow hits you!!!
You are more poisoned.
You die...

▓.▓.▓.▓.▓.▓'▓.▓.▓
▓.▓.▓.▓.▓.▓.▓.▓.▓
▓.▓.▓.▓.▓.▓.▓.▓.▓
▓.▓.▓.▓.▓.▓.▓.▓.▓
▓.▓.▓.▓.▓.▓.▓.▓.▓
▓.▓'▓.▓'▓.▓.▓.▓'▓
▓.▓.▓.▓.▓.▓.▓.▓.▓
▓.▓.▓.▓.▓.▓.▓.▓.▓
▓H▓.▓.▓.▓.▓.▓.▓.▓
▓S▓.▓.▓.▓.▓'▓.▓.▓
▓.▓.▓.▓.▓.▓.▓.▓.▓
▓.▓.▓.▓∩▓.▓.▓.▓.▓
▓.▓)▓.▓.▓.▓.▓.▓'▓
▓(▓.▓.▓∩▓.▓.▓.▓.▓
▓.▓.▓.▓.▓.▓.▓.▓.▓
▓.▓(▓.▓∩▓.▓.▓.▓.▓
▓.▓.▓.▓.▓.▓.▓.▓


You could see Aizul.

Vanquished Creatures
  A fire giant (D)
  A frost giant (D)
  A stone giant (D)
  A very ugly thing (D)
  A great orb of eyes (D)
  Harold (D)
  A rakshasa (D)
  Josephine (D)
  A hydra (D)
  A death knight (D)
  A two-headed ogre (D)
  A centaur warrior (D)
  A tengu warrior (D)
  An unseen horror (D)
  4 orc knights (D)
  A deep elf mage (D)
  An orc sorcerer (D)
  An ugly thing (D)
  Psyche (D)
  A black mamba (D)
  2 komodo dragons (D)
  A tengu conjurer (D)
  A blink frog (D)
  2 hippogriffs (D)
  6 wraiths (D)
  A wyvern (D)
  2 yaks (D)
  A warg (D)
  A porcupine (D)
  4 hell hounds (D)
  A water moccasin (D)
  4 orc warriors (D)
  A sky beast (D)
  3 wolves (D)
  3 crocodiles (D)
  4 bullfrogs (D)
  A gnoll sergeant (D)
  A hound (D)
  3 orc priests (D)
  An orc wizard (D)
  An adder zombie (D)
  A leopard gecko (D)
  4 orcs (D)
  A bat zombie (D)
  A goblin (D)
  4 kobolds (D)
  A leopard gecko skeleton (D)
79 creatures vanquished.

Vanquished Creatures (collateral kills)
  8 orc knights (D)
  An ugly thing (D)
  A cyclops (D)
  An orc sorcerer (D)
  A gargoyle (D)
  10 orc warriors (D)
  An iguana (D)
  2 orc wizards (D)
  3 orcs (D)
  A quokka zombie (D)
29 creatures vanquished.

Grand Total: 108 creatures vanquished

Notes
Turn   | Place    | Note
-------+----------+-------------------------------------------
     0 | D        | nicanaca0 the Minotaur Berserker began the quest for the
                  | Orb.
     0 | D        | Reached XP level 1. HP: 19/19 MP: 0/0
     4 | D        | Reached skill level 4 in Maces & Flails
     7 | D        | Reached ** piety under Trog
     7 | D        | Reached skill level 5 in Maces & Flails
    36 | D        | Noticed a gnoll sergeant
    36 | D        | Noticed an orc priest
    40 | D        | Killed an orc priest
    40 | D        | Reached *** piety under Trog
    40 | D        | Reached skill level 8 in Maces & Flails
    40 | D        | Reached XP level 2. HP: 26/26 MP: 1/1
    40 | D        | Reached XP level 3. HP: 31/31 MP: 2/2
    47 | D        | HP: 10/46 [gnoll sergeant/+4 trident of piercing (3)]
    49 | D        | Killed a gnoll sergeant
    49 | D        | Reached skill level 11 in Maces & Flails
    49 | D        | Reached XP level 4. HP: 13/39 MP: 3/3
   290 | D        | Found a roughly hewn altar of Beogh.
   290 | D        | Found a snail-covered altar of Cheibriados.
   290 | D        | Found a shadowy altar of Dithmenos.
   290 | D        | Found a white marble altar of Elyvilon.
   290 | D        | Found a blossoming altar of Fedhas.
   290 | D        | Found an opulent altar of Gozag.
   291 | D        | Found a hazy altar of Hepliaklqana.
   292 | D        | Found a viscous altar of Jiyva.
   293 | D        | Found an ancient bone altar of Kikubaaqudgha.
   294 | D        | Found a corrupted altar of Lugonu.
   295 | D        | Found a burning altar of Makhleb.
   296 | D        | Found a sparkling altar of Nemelex Xobeh.
   297 | D        | Found an iron altar of Okawaru.
   298 | D        | Found a stormy altar of Qazlal.
   299 | D        | Found a sacrificial altar of Ru.
   300 | D        | Found a shimmering blue altar of Sif Muna.
   301 | D        | Found a bloodstained altar of Trog.
   302 | D        | Found a hide-covered altar of Uskayaw.
   303 | D        | Found a radiant altar of Vehumet.
   304 | D        | Found an ornate altar of the Wu Jian Council.
   305 | D        | Found a shimmering altar of Xom.
   306 | D        | Found a basalt altar of Yredelemnul.
   307 | D        | Found a glowing silver altar of Zin.
   308 | D        | Found a glowing golden altar of the Shining One.
   380 | D        | Noticed a sky beast
   380 | D        | Noticed an orc warrior
   380 | D        | Noticed a two-headed ogre
   382 | D        | Reached **** piety under Trog
   390 | D        | Killed an unseen horror
   390 | D        | Reached skill level 11 in Fighting
   390 | D        | Reached skill level 14 in Maces & Flails
   390 | D        | Reached XP level 5. HP: 61/61 MP: 4/4
   390 | D        | Reached XP level 6. HP: 68/68 MP: 5/5
   390 | D        | Reached XP level 7. HP: 74/74 MP: 6/6
   394 | D        | Killed a two-headed ogre
   394 | D        | Reached skill level 13 in Fighting
   394 | D        | Reached skill level 16 in Maces & Flails
   394 | D        | Reached XP level 8. HP: 75/86 MP: 7/7
   401 | D        | Reached skill level 14 in Fighting
   523 | D        | Noticed a purple ugly thing
   523 | D        | Noticed a gargoyle
   523 | D        | Noticed a cyclops
   527 | D        | Killed a cyclops
   527 | D        | Reached skill level 17 in Maces & Flails
   529 | D        | Killed a gargoyle
   533 | D        | Killed a purple ugly thing
   533 | D        | Reached ***** piety under Trog
   533 | D        | Reached skill level 15 in Fighting
   533 | D        | Reached XP level 9. HP: 97/97 MP: 8/8
   723 | D        | Noticed a komodo dragon
   725 | D        | Reached skill level 18 in Maces & Flails
   727 | D        | Noticed a four-headed hydra
   728 | D        | Reached skill level 3 in Armour
   728 | D        | Reached skill level 1 in Evocations
   733 | D        | Killed a komodo dragon
   733 | D        | Reached skill level 4 in Armour
   733 | D        | Reached skill level 2 in Evocations
   751 | D        | Killed a four-headed hydra
   751 | D        | Reached skill level 19 in Maces & Flails
   751 | D        | Reached skill level 6 in Armour
   751 | D        | Reached skill level 4 in Evocations
   758 | D        | Received a gift from Trog
   953 | D        | Noticed a black mamba
   956 | D        | Reached skill level 7 in Armour
   956 | D        | Reached XP level 10. HP: 106/106 MP: 12/12
   960 | D        | Reached ****** piety under Trog
   960 | D        | Reached skill level 5 in Evocations
   962 | D        | Killed a black mamba
   962 | D        | Received a gift from Trog
   973 | D        | Reached skill level 20 in Maces & Flails
   973 | D        | Reached skill level 8 in Armour
   982 | D        | Reached skill level 6 in Evocations
  1118 | D        | Received a gift from Trog
  1118 | D        | Reached skill level 9 in Armour
  1121 | D        | Reached skill level 3 in Dodging
  1134 | D        | Reached skill level 10 in Armour
  1189 | D        | Noticed Josephine
  1191 | D        | Reached skill level 4 in Dodging
  1204 | D        | Killed Josephine
  1204 | D        | Received a gift from Trog
  1204 | D        | Received a gift from Trog
  1204 | D        | Reached skill level 16 in Fighting
  1204 | D        | Reached skill level 11 in Armour
  1204 | D        | Reached skill level 5 in Dodging
  1265 | D        | Noticed Harold
  1279 | D        | Killed Harold
  1279 | D        | Reached skill level 12 in Armour
  1279 | D        | Reached skill level 6 in Dodging
  1279 | D        | Reached XP level 11. HP: 94/115 MP: 4/14
  1387 | D        | Noticed an orc sorcerer
  1395 | D        | Killed an orc sorcerer
  1395 | D        | Received a gift from Trog
  1426 | D        | Received a gift from Trog
  1566 | D        | Noticed an orc knight
  1576 | D        | Reached skill level 1 in Crossbows
  1579 | D        | Killed an orc knight
  1579 | D        | Reached skill level 2 in Crossbows
  1580 | D        | Noticed an orc knight
  1582 | D        | Killed an orc knight
  1582 | D        | Received a gift from Trog
  1591 | D        | Received a gift from Trog
  1591 | D        | Reached skill level 3 in Crossbows
  1624 | D        | Noticed an orc sorcerer
  1631 | D        | Killed an orc sorcerer
  1631 | D        | Reached skill level 13 in Armour
  1654 | D        | Reached skill level 17 in Fighting
  1654 | D        | Reached skill level 4 in Crossbows
  1657 | D        | Received a gift from Trog
  1677 | D        | Got a transparent great mace {god gift}
  1678 | D        | Identified the +3 great mace "Feadycot" {crush, SInv} (Trog
                  | gifted it to you in the Dungeon)
  1683 | D        | Found Neorryas's Distillery.
  1683 | D        | Noticed an orc knight
  1683 | D        | Noticed an orc knight
  1683 | D        | Noticed an orc knight
  1687 | D        | Killed an orc knight
  1689 | D        | Killed an orc knight
  1689 | D        | Reached skill level 5 in Crossbows
  1692 | D        | Killed an orc knight
  1696 | D        | Received a gift from Trog
  1703 | D        | Noticed an orc knight
  1704 | D        | Found Xonwat's Antique Weapon Shop.
  1706 | D        | Found Ycubb's Armour Boutique.
  1706 | D        | Noticed an orc knight
  1707 | D        | Noticed an orc knight
  1710 | D        | Killed an orc knight
  1710 | D        | Reached skill level 6 in Crossbows
  1711 | D        | Found Teof's Antique Weapon Shop.
  1712 | D        | Noticed an orc knight
  1714 | D        | Killed an orc knight
  1714 | D        | Reached skill level 14 in Armour
  1714 | D        | Noticed an orc knight
  1715 | D        | Noticed an orc knight
  1718 | D        | Killed an orc knight
  1718 | D        | Reached skill level 7 in Crossbows
  1723 | D        | Killed an orc knight
  1724 | D        | Killed an orc knight
  1729 | D        | Killed an orc knight
  1729 | D        | Reached skill level 18 in Fighting
  1917 | D        | Bought a potion of curing for 39 gold pieces
  1917 | D        | Bought a potion of agility for 52 gold pieces
  2019 | D        | Noticed Psyche
  2025 | D        | Killed Psyche
  2228 | D        | Noticed a deep elf mage
  2228 | D        | Noticed an orc knight
  2228 | D        | Noticed a tengu warrior
  2244 | D        | Killed a tengu warrior
  2244 | D        | Reached skill level 8 in Crossbows
  2248 | D        | Reached skill level 15 in Armour
  2250 | D        | Received a gift from Trog
  2260 | D        | Killed an orc knight
  2260 | D        | Reached skill level 9 in Crossbows
  2275 | D        | Killed a deep elf mage
  2275 | D        | Received a gift from Trog
  2283 | D        | Noticed a purple ugly thing
  2283 | D        | Noticed a green very ugly thing
  2285 | D        | Noticed a death knight
  2292 | D        | Killed a green very ugly thing
  2292 | D        | Reached XP level 12. HP: 113/129 MP: 15/15
  2294 | D        | Noticed a rakshasa
  2296 | D        | Reached skill level 19 in Fighting
  2296 | D        | Reached skill level 10 in Crossbows
  2304 | D        | Killed a death knight
  2304 | D        | Reached skill level 16 in Armour
  2311 | D        | Killed a rakshasa
  2317 | D        | Noticed a fire giant
  2375 | D        | HP: 32/130 [fire giant/fireball (53)]
  2379 | D        | Killed a fire giant
  2379 | D        | Received a gift from Trog
  2379 | D        | Reached skill level 11 in Crossbows
  2743 | D        | Noticed a frost giant
  2752 | D        | Killed a frost giant
  2752 | D        | Received a gift from Trog
  2752 | D        | Reached skill level 17 in Armour
  2911 | D        | Noticed a centaur warrior
  2912 | D        | Noticed a stone giant
  2918 | D        | Killed a stone giant
  2918 | D        | Reached skill level 20 in Fighting
  2918 | D        | Reached skill level 12 in Crossbows
  2919 | D        | Killed a centaur warrior
  2921 | D        | Noticed a great orb of eyes
  2923 | D        | Killed a great orb of eyes
  2923 | D        | Reached skill level 13 in Crossbows
  3103 | D        | Noticed Aizul
  3109 | D        | HP: 25/133 [Aizul/bolt of poison (22)]
  3111 | D        | HP: 9/133 [Aizul (10)]
  3112 | D        | Killed from afar by Aizul

Levels and vault maps discovered:
D:        linesprint [early_d, line_temple, items_1, d_10, items_2, lair_1,
          lair_end, items_3, orc_1, orc_end, items_4, d_15, swamp_1, shoals_1,
          snake_1, spider_1, d_20, vaults_1, items_5, swamp_end, shoals_end,
          snake_end, spider_end, vaults_end, d_27, items_6, zot_1, zot_end,
          crypt_end, forest_end, elf_end, slime_end, tomb_end, abyss_end,
          pan_hell_end]

Skill      XL: |  1  2  3  4  5  6  7  8  9 10 11 12 |
---------------+-------------------------------------+-----
Maces & Flails | 8 11 14 16 17 19 20 | 20.3
Fighting       | 11 13 15 16 18 20 | 20.1
Armour         | 7 12 15 17 | 17.4
Evocations     | 4 6 |  6.2
Dodging        | 6 |  6.2
Crossbows      | 9 13 | 13.0

Action                   |  1- 3 |  4- 6 |  7- 9 | 10-12 || total
-------------------------+-------+-------+-------+-------++-------
Melee: Mace              |    15 |     2 |       |       ||    17
       Headbutt          |     1 |       |    15 |    27 ||    43
       Morningstar       |       |     8 |    59 |    35 ||   102
       Great mace        |       |       |       |   123 ||   123
 Fire: Arbalest          |       |       |       |    35 ||    35
Throw: Javelin           |       |       |       |     2 ||     2
Invok: Berserk           |     1 |     1 |       |       ||     2
       Trog's Hand       |       |     1 |       |     6 ||     7
       Brothers in Arms  |       |       |     1 |     4 ||     5
Evoke: Wand              |       |       |     1 |     5 ||     6
 Stab: Distracted        |       |       |       |     1 ||     1
  Eat: Chunk             |       |       |     3 |     6 ||     9
       Ration            |       |       |       |     1 ||     1
Armor: Animal skin       |     2 |       |       |       ||     2
       Plate armour      |       |     7 |    30 |    65 ||   102
Dodge: Dodged            |     8 |       |    18 |    51 ||    77

Levels and vault maps discovered:
D:        linesprint [early_d, line_temple, items_1, d_10, items_2, lair_1,
          lair_end, items_3, orc_1, orc_end, items_4, d_15, swamp_1, shoals_1,
          snake_1, spider_1, d_20, vaults_1, items_5, swamp_end, shoals_end,
          snake_end, spider_end, vaults_end, d_27, items_6, zot_1, zot_end,
          crypt_end, forest_end, elf_end, slime_end, tomb_end, abyss_end,
          pan_hell_end]

Table legend:
 A = Turns spent in this place as a percentage of turns spent in the entire game.
 B = Non-inter-level travel turns spent in this place as a percentage of non-inter-level travel turns spent in the entire game.
 C = Inter-level travel turns spent in this place as a percentage of turns spent in this place.
 D = Turns resting spent in this place as a percentage of non-inter-level travel turns spent in this place.
 E = Turns spent auto-exploring this place as a percentage of non-inter-level travel turns spent in this place.
 F = Non-inter-level travel turns spent in this place divided by the number of levels of this place that you've seen.
                   A       B       C       D       E      F
               +-------+-------+-------+-------+-------+----------------------
         Total | 100.0 | 100.0 |   0.2 |  19.0 |  44.8 | 3105.0
       Dungeon | 100.0 | 100.0 |   0.2 |  19.0 |  44.8 | 3105.0
               +-------+-------+-------+-------+-------+----------------------

Table legend:
 A = Kills in this place as a percentage of kills in entire the game.
 B = Kills by you in this place as a percentage of kills by you in the entire game.
 C = Kills by friends in this place as a percentage of kills by friends in the entire game.
 D = Other kills in this place as a percentage of other kills in the entire game.
 E = Experience gained in this place as a percentage of experience gained in the entire game.
 F = Experience gained in this place divided by the number of levels of this place that you have seen.
                   A       B       C       D       E      F
               +-------+-------+-------+-------+-------+----------------------
         Total | 100.0 | 100.0 | 100.0 |   N/A | 100.0 | 31674.0
       Dungeon | 100.0 | 100.0 | 100.0 |   N/A | 100.0 | 31674.0
               +-------+-------+-------+-------+-------+----------------------
